 Dungeon Crawl Stone Soup version 0.31-a0-236-g9a0961fb85 (webtiles) character file.

Game seed: 1764147977719219467

3913 Iniera the Cleaver (level 10, -8/77 HPs)
             Began as a Vampire Fighter on July 11, 2023.
             Was a Priest of Uskayaw.
             Mangled by a two-headed ogre
             ... wielding a +0 giant club
              (26 damage)
             ... on level 8 of the Dungeon.
             The game lasted 00:09:38 (7269 turns).

Iniera the Cleaver (Vampire Fighter)                Turns: 7269, Time: 00:09:38

Health: -8/77      AC: 11    Str: 19    XL:     10   Next: 1%
Magic:  13/13      EV:  7    Int: 17    God:    Uskayaw [***...]
Gold:   280        SH:  0    Dex: 14    Spells: 9/9 levels left

rFire   . . .        s - +0 battleaxe
rCold   . . .        (shield currently unavailable)
rNeg    . . .        f - +0 chain mail
rPois   +            (no helmet)
rElec   .            (no cloak)
rCorr   .            o - +0 pair of gloves
SInv    +            n - +0 pair of boots
Will    +....        (no amulet) Stlth
                     h - ring of poison resistance
HPRegen 0.52/turn    r - +6 ring of intelligence
MPRegen 0.13/turn

%: no passive effects
@: healing quickly
A: alive, fangs 3, see invisible, vampiric 2
a: Exsanguinate, Renounce Religion, Stomp, Line Pass


You were on level 8 of the Dungeon.
You worshipped Uskayaw.
Uskayaw was noncommittal.
You visited 2 branches of the dungeon, and saw 9 of its levels.
You also visited: Sewer.

You collected 280 gold pieces.

Inventory:

Hand Weapons
 a - a +1 war axe
 s - a +0 battleaxe (weapon)
Armour
 f - a +0 chain mail (worn)
 n - a +0 pair of boots (worn)
 o - a +0 pair of gloves (worn)
Jewellery
 h - a ring of poison resistance (left hand)
 r - a +6 ring of intelligence (right hand)
Wands
 m - a wand of mindburst (6)
 p - a wand of digging (6)
 w - a wand of roots (5)
Scrolls
 d - 2 scrolls of identify
 i - a scroll of teleportation
 l - a scroll of poison
 q - 3 scrolls of fear
 v - a scroll of enchant armour {unknown}
Potions
 b - 2 potions of mutation
 e - a potion of heal wounds
 g - 3 potions of curing
 j - a potion of brilliance
 k - a potion of might
 t - 2 potions of enlightenment


   Skills:
 + Level 6.5 Fighting
 * Level 11.1 Axes
 - Level 2.4 Armour
 - Level 2.6 Shields
 + Level 4.2 Invocations


You had 9 spell levels left.
You didn't know any spells.
Your spell library contained the following spells:

 Spells                   Type           Power      Damage    Failure   Level
 Tukima's Dance           Hex            0%         N/A       99%         3
 Passage of Golubria      Tloc           0%         N/A       100%        4
 Yara's Violent Unravell  Hex/Tmut       0%         3d3       100%        5
 Simulacrum               Ice/Necr       0%         N/A       100%        6
 Ozocubu's Refrigeration  Ice            0%         4d7       100%        7
 Polar Vortex             Ice            0%         N/A       100%        9


Dungeon Overview and Level Annotations

Branches:
Dungeon (8/15)             Temple (1/1) D:5           Sewer (visited)
   Lair: D:8-11

Altars:
Dithmenos
Fedhas
Gozag
Hepliaklqana
Kikubaaqudgha
Makhleb
Nemelex Xobeh
Okawaru
Qazlal
Ru
Sif Muna
Trog
Uskayaw
Vehumet
Xom
Yredelemnul

Shops:
D:6 =

Annotations:
D:4 1 runed translucent door, Crazy Yiuf
D:6 3 runed translucent doors, XomNomNom's ghost, novice HuCK
D:8 Grum


Innate Abilities, Weirdness & Mutations

Your natural rate of healing is accelerated.
You have razor-sharp teeth.
You have supernaturally acute eyesight. (SInv)
You are afflicted with vampirism and can become a bat while bloodless.


Message History

The wolf bites you but does no damage. x2; Grum hits you but does no damage.
You closely miss the two-headed ogre. You hit the sky beast.
You completely miss the wolf. The wolf bites you but does no damage.
The two-headed ogre barely misses you.
The two-headed ogre hits you with a +0 giant spiked club!!
Grum barely misses you.
The sky beast hits you but does no damage.
The wolf bites you but does no damage.
You are too injured to fight recklessly!
You are too injured to fight recklessly!
You are too injured to fight recklessly!
You are too injured to fight recklessly!
You are too injured to fight recklessly!
You slice the two-headed ogre!!
The two-headed ogre is moderately wounded.
You hit the sky beast but do no damage. You hit the wolf but do no damage.
The wolf barely misses you. The sky beast hits you. The sky beast shocks you.
Grum barely misses you. The wolf barely misses you.
The two-headed ogre hits you with a +0 giant club!
The two-headed ogre barely misses you.
Uskayaw will force your foes to helplessly watch your dance.
Uskayaw prepares the audience for your solo!
The helpless sky beast fails to defend itself.
You slice the sky beast!!
You kill the sky beast!
The helpless wolf fails to defend itself.
You hit the wolf.
The helpless two-headed ogre fails to defend itself.
You slash the two-headed ogre!
The two-headed ogre is no longer paralysed.
You have reached level 10!
You feel clever.
The two-headed ogre attacks as you move away!
The two-headed ogre hits you with a +0 giant club!
* * * LOW HITPOINT WARNING * * *
The two-headed ogre misses you.
Grum is no longer paralysed.
The wolf is no longer paralysed. x3; The wolf bites you but does no damage.
The two-headed ogre attacks as you move away!
The two-headed ogre hits you with a +0 giant club!!
You die...

.....).
########
.......
#...<..##..
.......
#.))........
.......
###......##...
.<.....##
#....##### .
.......h#
#.####
......†h###.#
......ghO##.#
.......#@.#!#
.......##...#
######......#
###>.#..#
#...##.#
...#.# .#
...##.. ..
.... ..# ...
... .. ...#


You could see a two-headed ogre, Grum and 3 wolves.

Vanquished Creatures
  Amaemon (D:8)
  Pikel (D:4)
  An orange demon (D:8)
  6 yaks (D:7)
  3 sky beasts
  A black bear (D:3)
  An ogre (D:5)
  A centaur (D:7)
  4 lemures (D:4)
  2 phantoms (D:4)
  4 kobold brigands
  A bullfrog (D:7)
  A scorpion (D:5)
  A howler monkey (D:5)
  2 jellies
  2 orc priests
  2 iguanas (D:5)
  2 sleepcaps (D:7)
  2 gnoll boudas
  Natasha (thrice) (D:2)
  2 orc wizards
  4 gnolls (D:4)
  5 adders
  A white imp (D:7)
  2 ufetubi (D:5)
  3 worms (D:3)
  A dart slug (D:3)
  26 orcs
  6 endoplasms
  4 giant cockroaches
  4 goblins
  8 hobgoblins
  2 quokkas
  11 ball pythons
  5 bats
  4 frilled lizards
  17 kobolds
  4 rats
150 creatures vanquished.

Notes
Turn   | Place    | Note
-------+----------+-------------------------------------------
     0 | D:1      | Iniera the Vampire Fighter began the quest for the Orb.
     0 | D:1      | Reached XP level 1. HP: 17/17 MP: 1/1
   147 | D:1      | Reached skill level 2 in Axes
   472 | D:1      | Reached XP level 2. HP: 18/23 MP: 2/2
   501 | D:1      | You fall into a shaft and drop 1 floor!
   608 | D:2      | Noticed Natasha
   616 | D:2      | Killed Natasha
   617 | D:2      | Reached skill level 3 in Axes
   617 | D:2      | Gained mutation: You are afflicted with vampirism and can
                  | become a bat while bloodless. [Vampire growth]
   617 | D:2      | Reached XP level 3. HP: 28/28 MP: 3/3
   827 | D:2      | Noticed Natasha
   885 | D:2      | Killed Natasha
   886 | D:2      | Reached skill level 4 in Axes
   886 | D:2      | Reached XP level 4. HP: 18/34 MP: 4/4
  1022 | D:2      | Noticed Natasha
  1287 | D:2      | Killed Natasha
  1732 | D:3      | Reached XP level 5. HP: 26/39 MP: 5/5
  1816 | D:3      | Found a shimmering altar of Xom.
  1817 | D:3      | Found a shimmering altar of Xom.
  1818 | D:3      | Found a shimmering altar of Xom.
  1818 | D:3      | Found a shimmering altar of Xom.
  1819 | D:3      | Found a shimmering altar of Xom.
  1871 | D:3      | Found a glowing drain.
  1882 | Sewer    | Entered a sewer
  1921 | Sewer    | Reached skill level 5 in Axes
  2037 | Sewer    | Reached skill level 6 in Axes
  2037 | Sewer    | Reached XP level 6. HP: 23/46 MP: 6/6
  2818 | D:3      | Found a faded altar of an unknown god.
  2921 | D:3      | Reached skill level 7 in Axes
  2921 | D:3      | Reached XP level 7. HP: 23/51 MP: 7/7
  3794 | D:4      | Found a shimmering blue altar of Sif Muna.
  3907 | D:4      | Found a runed translucent door.
  3908 | D:4      | Noticed Crazy Yiuf
  4080 | D:5      | Entered Level 5 of the Dungeon
  4087 | D:5      | Reached skill level 8 in Axes
  4089 | D:5      | Noticed Pikel
  4195 | D:4      | Killed Pikel
  4196 | D:4      | Reached XP level 8. HP: 57/61 MP: 8/8
  4590 | D:5      | Found an opulent altar of Gozag.
  4675 | D:5      | Reached skill level 9 in Axes
  4729 | D:5      | Found an iron altar of Okawaru.
  4778 | D:5      | Found a staircase to the Ecumenical Temple.
  4787 | Temple   | Entered the Ecumenical Temple
  4970 | Temple   | Became a worshipper of Uskayaw the Reveller
  5043 | D:5      | Reached * piety under Uskayaw
  5045 | D:5      | Reached ** piety under Uskayaw
  5047 | D:5      | Reached *** piety under Uskayaw
  5182 | D:5      | Found a stormy altar of Qazlal.
  5511 | D:6      | Found Mager's Jewellery Shoppe.
  5563 | D:6      | Reached skill level 1 in Invocations
  5775 | D:6      | Found a runed translucent gate.
  5985 | D:6      | Found a runed translucent gate.
  5985 | D:6      | Found a runed translucent gate.
  5985 | D:6      | Noticed XomNomNom's ghost (novice HuCK)
  6353 | D:7      | Reached skill level 5 in Fighting
  6539 | D:7      | Reached XP level 9. HP: 40/68 MP: 10/10
  6539 | D:7      | Reached **** piety under Uskayaw
  6541 | D:7      | Reached skill level 10 in Axes
  7106 | D:8      | Noticed Amaemon
  7106 | D:8      | Noticed an orange demon
  7118 | D:8      | Killed Amaemon
  7119 | D:8      | Killed an orange demon
  7119 | D:8      | HP: 4/105 [poisoned by Amaemon]
  7119 | D:8      | Reached ***** piety under Uskayaw
  7120 | D:8      | Reached skill level 11 in Axes
  7260 | D:8      | Noticed a two-headed ogre
  7260 | D:8      | Noticed Grum
  7268 | D:8      | Reached XP level 10. HP: 34/77 MP: 13/13
  7269 | D:8      | Mangled by a two-headed ogre

Illustrated notes

Levels and vault maps discovered:
D:1:      scummos_arrival_forest, layout_loops_cross
D:2:      layout_basic, serial_park_tiny_2, small_statue_intersection,
          uniq_natasha
D:3:      layout_rooms, xom_redecorated, serial_co_window_serial,
          co_window_corner_a, co_window_corner_a, co_window_of_opportunity_a,
          co_window_paths_a, co_window_paths_b, co_window_cross_1,
          co_window_broadway_b, co_window_broadway_c, co_window_unsneaky_path_a,
          co_window_unsneaky_path_b, co_window_broadway_a, glass_columns_c,
          hellmonk_ecumenical_altar_leap_of_faith, cheibrodos_sewer_entry_bend
D:4:      layout_cave_pools, lemuel_blue_sif_altar, reono_crystal_passage,
          uniq_crazy_yiuf_cottage
D:5:      layout_basic, mainiacjoe_overflow_boulevard, grunt_gozag_statues,
          okawaru_gym_becter, lemuel_temple_firewalk_b, st_stairs_4,
          hangedman_decor_peaks_small, patterned_corridor, uniq_pikel
D:6:      layout_basic, mainiacjoe_overflow_alcove_2, serial_shops,
          nicolae_stop_n_shop_2, ebering_ghost_rock_garden,
          wad_floor_pattern_untrapped, uniq_maggie
D:7:      layout_loops_ring, minmay_misc_feat_columns
D:8:      layout_rooms, grunt_temple_overflow_open, hellmonk_lair_entry_icy,
          uniq_grum, uniq_amaemon, uniq_psyche, uniq_joseph
Temple:   compressed_dpeg_triangle_lava_temple

Skill      XL: |  1  2  3  4  5  6  7  8  9 |
---------------+----------------------------+-----
Axes           | 2 3 4 6 7 8 9 11 | 11.1
Fighting       | 4 5 6 |  6.5
Invocations    | 2 4 |  4.2
Armour         | |  2.4
Shields        | |  2.6

Action                     |  1- 3 |  4- 6 |  7- 9 | 10-12 || total
---------------------------+-------+-------+-------+-------++-------
  Melee: War axe           |    10 |    69 |   209 |       ||   288
         Rapier            |    48 |   112 |       |       ||   160
         Bite              |     5 |    20 |    23 |       ||    48
         Battleaxe         |       |       |    15 |       ||    15
  Evoke: Wand              |       |       |     1 |       ||     1
    Use: Scroll            |     5 |     5 |    10 |       ||    20
         Potion            |       |     1 |     5 |       ||     6
   Stab: Paralysed         |       |       |     9 |       ||     9
 Armour: Scale mail        |    31 |    32 |       |       ||    63
         Chain mail        |       |    89 |   121 |     1 ||   211
         Skin              |       |       |    36 |       ||    36
  Dodge: Dodged            |    21 |    89 |    90 |     1 ||   201
  Block: Buckler           |    18 |    47 |    57 |       ||   122

Table legend: (Time is in decaauts)
 A = Elapsed time spent in this place.
 B = Non-inter-level travel time spent in this place.
 C = Inter-level travel time spent in this place.
 D = Time resting spent in this place.
 E = Time spent auto-exploring this place.
 F = Levels seen in this place.
 G = Mean time per level.
                   A        B        C        D        E       F      G
               +--------+--------+--------+--------+--------+-----+--------+
         Total |   7399 |   7115 |    284 |    866 |   4975 |  10 |  739.9 |
       Dungeon |   6767 |   6511 |    256 |    782 |   4635 |   8 |  845.9 |
        Temple |    200 |    172 |     28 |      0 |    162 |   1 |  200.0 |
         Sewer |    431 |    431 |      0 |     84 |    177 |   1 |  431.0 |
               +--------+--------+--------+--------+--------+-----+--------+

Top non-repeatable levels by time:
     D:3: 1288 daAuts
     D:2: 1243 daAuts
     D:4: 1092 daAuts
     D:5: 866 daAuts
     D:6: 837 daAuts
     D:7: 768 daAuts
     D:1: 506 daAuts
   Sewer: 431 daAuts
  Temple: 200 daAuts
     D:8: 165 daAuts
